General information
- name: BNet
- type: Ladder team game (AT/RT)
- host: Battle.net
- saver: Flashbang_Omnix
map: Cherryville
- players: 8
- length: 16:59
- speed: Fast
- version: 1.26 W3XP
- replay type: Public
» download(132 KB)
Players
team 1 (winner)
Liko (
green | 83 APM | 1409 actions | 16:58)
5 Paladin
1 Holy Light
3 Devotion Aura
1 Divine Shield
» actions
| Assign group hotkey | 30 | |
| Basic commands | 104 | |
| Build / train | 61 | |
| ESC pressed | 1 | |
| Enter build submenu | 35 | |
| Enter hero's abilities submenu | 5 | |
| Give item / drop item | 1 | |
| Right click | 327 | |
| Select / deselect | 259 | |
| Select group hotkey | 517 | |
| Use ability | 69 | |
1409 total
» units
» upgrades
| Long Rifles | 1 | |
| Armor | 3 | |
| Lumber Harvesting | 1 | |
| Masonry | 1 | |
| Gunpowder | 1 | |
7 total
» buildings
| Altar of Kings | 1 | |
| Farm | 8 | |
| Blacksmith | 1 | |
| Barracks | 2 | |
| Scout Tower | 8 | |
| Lumber Mill | 1 | |
| Arcane Tower | 1 | |
| Town Hall | 1 | |
| Guard Tower | 2 | |
| Keep | 1 | |
| Castle | 1 | |
| Arcane Vault | 2 | |
29 total
» build order
00:10 Altar of Kings
00:11 Farm
00:38 Blacksmith
00:53 Barracks
01:25 Farm
02:28 Farm
02:49 Scout Tower
02:53 Lumber Mill
03:16 Arcane Tower
04:29 Town Hall
04:32 Scout Tower
04:33 Scout Tower
04:45 Barracks
05:32 Guard Tower
06:11 Farm
06:14 Farm
07:09 Keep
07:14 Farm
08:50 Scout Tower
09:04 Guard Tower
09:18 Farm
09:24 Farm
10:31 Castle
11:31 Arcane Vault
12:47 Arcane Vault
14:30 Scout Tower
14:31 Scout Tower
14:39 Scout Tower
14:41 Scout Tower
» items
| Scroll of Regeneration | 1 | |
| Potion of Healing | 3 | |
| Scroll of Town Portal | 2 | |
| Mechanical Critter | 1 | |
| Lesser Clarity Potion | 2 | |
| Potion of Mana | 2 | |
| Potion of Lesser Invulnerability | 1 | |
| Scroll of Healing | 1 | |
| Staff of Sanctuary | 1 | |
14 total
Flashbang_Omnix (
red | 77 APM | 1308 actions | 16:59)
5 Archmage
3 Blizzard
2 Brilliance Aura
» actions
| Basic commands | 139 | |
| Build / train | 51 | |
| ESC pressed | 4 | |
| Enter build submenu | 10 | |
| Enter hero's abilities submenu | 5 | |
| Right click | 846 | |
| Select / deselect | 203 | |
| Use ability | 50 | |
1308 total
» units
| Peasant | 5 | |
| Footman | 12 | |
| Rifleman | 7 | |
| Knight | 2 | |
26 total
» upgrades
| Defend | 1 | |
| Long Rifles | 1 | |
| Gunpowder | 3 | |
| Masonry | 3 | |
| Armor | 1 | |
| Animal War Training | 1 | |
| Plating | 1 | |
11 total
» buildings
| Altar of Kings | 1 | |
| Barracks | 2 | |
| Farm | 6 | |
| Lumber Mill | 1 | |
| Keep | 1 | |
| Blacksmith | 1 | |
| Arcane Vault | 1 | |
| Castle | 1 | |
14 total
» build order
00:15 Altar of Kings
00:17 Barracks
00:18 Farm
00:19 Farm
02:58 Barracks
03:04 Farm
03:06 Farm
04:29 Lumber Mill
05:20 Keep
06:59 Blacksmith
07:04 Arcane Vault
08:05 Castle
11:23 Farm
16:56 Farm
» items
| Scroll of Town Portal | 3 | |
| Potion of Healing | 1 | |
4 total
LOLxIMBAxBMxLOL (
blue | 88 APM | 1500 actions | 16:58)
5 Paladin
3 Holy Light
1 Devotion Aura
1 Divine Shield
2 Mountain King
1 Storm Bolt
1 Thunder Clap
» actions
| Assign group hotkey | 23 | |
| Basic commands | 8 | |
| Build / train | 81 | |
| Enter build submenu | 18 | |
| Enter hero's abilities submenu | 7 | |
| Right click | 802 | |
| Select / deselect | 257 | |
| Select group hotkey | 218 | |
| Use ability | 85 | |
1500 total
» units
| Peasant | 20 | |
| Rifleman | 12 | |
| Mortar Team | 3 | |
35 total
» upgrades
| Gunpowder | 2 | |
| Armor | 2 | |
| Long Rifles | 1 | |
| Fragmentation Shards | 1 | |
| Lumber Harvesting | 2 | |
| Masonry | 1 | |
| Flare | 1 | |
10 total
» buildings
| Altar of Kings | 1 | |
| Farm | 12 | |
| Barracks | 1 | |
| Blacksmith | 1 | |
| Town Hall | 1 | |
| Keep | 2 | |
| Arcane Vault | 1 | |
| Castle | 3 | |
| Lumber Mill | 1 | |
| Workshop | 2 | |
25 total
» build order
00:22 Altar of Kings
00:38 Farm
00:52 Barracks
01:07 Blacksmith
01:14 Farm
01:54 Farm
04:07 Town Hall
04:28 Farm
06:12 Keep
06:42 Arcane Vault
09:16 Castle
09:16 Castle
09:47 Lumber Mill
10:59 Workshop
11:03 Workshop
11:42 Farm
11:43 Farm
12:49 Farm
12:49 Farm
14:38 Farm
14:38 Farm
14:39 Farm
14:41 Farm
» items
| Scroll of Regeneration | 6 | |
| Lesser Clarity Potion | 3 | |
| Potion of Healing | 1 | |
| Scroll of Town Portal | 3 | |
13 total

»
scurvysteve (
teal | 26 APM | 449 actions | 16:58)
5 Archmage
3 Summon Water Elemental
2 Brilliance Aura
» actions
| Assign group hotkey | 15 | |
| Basic commands | 54 | |
| Build / train | 43 | |
| Enter build submenu | 18 | |
| Enter hero's abilities submenu | 5 | |
| Remove unit from queue | 1 | |
| Right click | 45 | |
| Select / deselect | 192 | |
| Select group hotkey | 51 | |
| Use ability | 25 | |
449 total
» units
| Peasant | 10 | |
| Footman | 11 | |
| Knight | 10 | |
31 total
» upgrades
| Animal War Training | 1 | |
| Plating | 1 | |
| Swords | 1 | |
3 total
» buildings
| Farm | 8 | |
| Altar of Kings | 2 | |
| Barracks | 2 | |
| Keep | 1 | |
| Castle | 1 | |
| Blacksmith | 1 | |
| Lumber Mill | 1 | |
| Town Hall | 1 | |
17 total
» build order
00:09 Farm
00:12 Altar of Kings
00:53 Altar of Kings
01:11 Barracks
02:00 Barracks
02:14 Farm
02:58 Farm
04:36 Keep
04:41 Farm
05:59 Farm
07:05 Castle
08:13 Blacksmith
08:26 Lumber Mill
09:06 Farm
12:08 Farm
13:22 Farm
15:27 Town Hall
team 2 (loser)
bloodsun (
orange | 101 APM | 1702 actions | 16:53)
4 Beastmaster
2 Summon Bear
2 Summon Hawk
2 Demon Hunter
1 Immolation
1 Evasion
» actions
| Basic commands | 59 | |
| Build / train | 58 | |
| ESC pressed | 1 | |
| Enter build submenu | 16 | |
| Enter hero's abilities submenu | 6 | |
| Right click | 1061 | |
| Select / deselect | 437 | |
| Use ability | 64 | |
1702 total
» units
| Wisp | 9 | |
| Archer | 5 | |
| Huntress | 14 | |
| Dryad | 1 | |
| Hippogryph | 1 | |
| Faerie Dragon | 1 | |
| Mountain Giant | 2 | |
33 total
» upgrades
| Moon Armor | 1 | |
| Abolish Magic | 1 | |
| Hardened Skin | 1 | |
3 total
» buildings
| Moon Well | 6 | |
| Altar of Elders | 1 | |
| Ancient of War | 1 | |
| Hunter's Hall | 1 | |
| Tree of Ages | 3 | |
| Ancient of Lore | 1 | |
| Ancient of Wonders | 1 | |
| Ancient of Wind | 1 | |
| Tree of Eternity | 1 | |
16 total
» build order
00:21 Moon Well
00:32 Altar of Elders
01:01 Ancient of War
01:27 Moon Well
01:57 Moon Well
02:31 Hunter's Hall
04:35 Tree of Ages
04:57 Moon Well
08:19 Ancient of Lore
09:17 Ancient of Wonders
09:23 Ancient of Wind
13:12 Tree of Eternity
14:06 Moon Well
14:09 Moon Well
» items
| Scroll of Town Portal | 2 | |
| Scroll of Healing | 1 | |
| Potion of Healing | 1 | |
| Staff of Preservation | 1 | |
| Moonstone | 1 | |
6 total
Aerelius.Aldos (
purple | 71 APM | 1178 actions | 16:30)
3 Keeper of the Grove
2 Entangling Roots
1 Thorns Aura
1 Priestess of the Moon
1 Trueshot Aura
» actions
| Assign group hotkey | 37 | |
| Basic commands | 25 | |
| Build / train | 50 | |
| Enter build submenu | 14 | |
| Enter hero's abilities submenu | 4 | |
| Right click | 381 | |
| Select / deselect | 213 | |
| Select group hotkey | 403 | |
| Use ability | 51 | |
1178 total
» units
| Wisp | 14 | |
| Archer | 1 | |
| Huntress | 11 | |
| Druid of the Talon | 14 | |
40 total
» upgrades
| Druid of the Talon Training | 2 | |
2 total
» buildings
| Ancient of War | 1 | |
| Moon Well | 4 | |
| Altar of Elders | 1 | |
| Hunter's Hall | 1 | |
| Ancient of Wonders | 1 | |
| Tree of Ages | 1 | |
| Ancient of Wind | 3 | |
| Ancient Protector | 2 | |
| Tree of Eternity | 1 | |
15 total
» build order
00:26 Ancient of War
00:34 Moon Well
00:46 Altar of Elders
01:48 Hunter's Hall
02:23 Moon Well
02:33 Ancient of Wonders
03:42 Moon Well
04:29 Tree of Ages
05:22 Moon Well
07:04 Ancient of Wind
07:10 Ancient Protector
09:37 Tree of Eternity
11:54 Ancient of Wind
12:21 Ancient of Wind
12:35 Ancient Protector

»
bombaclot (
pink | 29 APM | 484 actions | 16:42)
4 Demon Hunter
2 Mana Burn
2 Evasion
2 Keeper of the Grove
1 Entangling Roots
1 Thorns Aura
» actions
| Assign group hotkey | 14 | |
| Basic commands | 12 | |
| Build / train | 44 | |
| Enter build submenu | 14 | |
| Enter hero's abilities submenu | 6 | |
| Right click | 150 | |
| Select / deselect | 143 | |
| Select group hotkey | 61 | |
| Use ability | 40 | |
484 total
» units
| Wisp | 14 | |
| Huntress | 11 | |
| Druid of the Talon | 5 | |
30 total
» upgrades
| Druid of the Talon Training | 2 | |
| Strength of the Wild | 1 | |
| Reinforced Hides | 1 | |
4 total
» buildings
| Altar of Elders | 1 | |
| Moon Well | 5 | |
| Hunter's Hall | 1 | |
| Ancient of War | 2 | |
| Ancient of Wonders | 1 | |
| Tree of Ages | 1 | |
| Tree of Eternity | 1 | |
| Ancient of Wind | 2 | |
| Tree of Life | 1 | |
| Ancient of Lore | 1 | |
16 total
» build order
00:07 Altar of Elders
00:11 Moon Well
01:04 Moon Well
01:51 Hunter's Hall
02:10 Ancient of War
02:25 Ancient of War
02:37 Moon Well
02:48 Ancient of Wonders
05:22 Tree of Ages
06:41 Moon Well
09:33 Tree of Eternity
09:38 Ancient of Wind
11:34 Ancient of Wind
13:00 Moon Well
13:54 Tree of Life
14:35 Ancient of Lore

»
Patologico (
yellow | 26 APM | 448 actions | 16:57)
3 Priestess of the Moon
2 Trueshot Aura
1 Searing Arrows
1 Keeper of the Grove
1 Thorns Aura
» actions
| Build / train | 51 | |
| Enter build submenu | 14 | |
| Enter hero's abilities submenu | 4 | |
| Right click | 181 | |
| Select / deselect | 169 | |
| Use ability | 29 | |
448 total
» units
| Wisp | 13 | |
| Archer | 11 | |
| Huntress | 4 | |
| Dryad | 4 | |
| Druid of the Claw | 2 | |
34 total
» upgrades
| Strength of the Wild | 2 | |
| Abolish Magic | 1 | |
| Druid of the Claw Training | 2 | |
| Reinforced Hides | 2 | |
| Mark of the Claw | 1 | |
8 total
» buildings
| Altar of Elders | 1 | |
| Moon Well | 7 | |
| Ancient of War | 1 | |
| Hunter's Hall | 1 | |
| Tree of Ages | 1 | |
| Ancient of Wonders | 1 | |
| Ancient of Lore | 2 | |
| Tree of Eternity | 1 | |
15 total
» build order
00:11 Altar of Elders
00:18 Moon Well
01:17 Ancient of War
01:27 Moon Well
02:22 Hunter's Hall
03:26 Moon Well
03:38 Tree of Ages
04:45 Moon Well
05:56 Ancient of Wonders
06:36 Ancient of Lore
06:41 Ancient of Lore
09:15 Tree of Eternity
10:19 Moon Well
11:23 Moon Well
12:51 Moon Well
» items
Chat log
(00:05 / Allies) Flashbang_Omnix: fuck
(00:17 / Allies) LOLxIMBAxBMxLOL: yesss?
(00:26 / Allies) Flashbang_Omnix: we 3 humans
(00:32 / Allies) scurvysteve: 4
(00:33 / Allies) Flashbang_Omnix: versus two elf/random
(00:36 / Allies) scurvysteve: rush like fuck
(00:42 / Allies) Flashbang_Omnix: yeah
(00:43 / Allies) Flashbang_Omnix: rush
(00:49 / Allies) Flashbang_Omnix: later games
(00:50 / Allies) LOLxIMBAxBMxLOL: pally rifes morts
(00:54 / Allies) Flashbang_Omnix: we done for
(00:57 / Allies) Flashbang_Omnix: so rush now
(00:58 / Allies) LOLxIMBAxBMxLOL: nah
(01:03 / Allies) LOLxIMBAxBMxLOL: hu>ne
(01:09 / Allies) Liko: pal rifle
(01:11 / Allies) Flashbang_Omnix: you sure?
(01:16 / Allies) Liko: fast expoing
(01:19 / Allies) LOLxIMBAxBMxLOL: mhmm
(01:19 / Allies) Flashbang_Omnix: foots to knights for me
(01:43 / Allies) Flashbang_Omnix: hope we win this...
(01:53 / Allies) Liko: we will
(01:53 / Allies) Flashbang_Omnix: I wanna save this replay
(01:55 / Allies) Liko: ex rank 1
(01:55 / Allies) Flashbang_Omnix: if we win
(02:03 / Allies) Liko: who help
(02:04 / Allies) Liko: anyone
(02:07 / Allies) Flashbang_Omnix: me
(02:09 / Allies) Flashbang_Omnix: just rush
(02:10 / Allies) LOLxIMBAxBMxLOL: im getting the bottom one
(02:12 / Allies) Liko: k
(02:15 / Allies) Liko: then we cross
(02:16 / Allies) Liko: and hit
(02:34 / Allies) Flashbang_Omnix: im going here
(02:38 / Allies) scurvysteve: no
(02:39 / Allies) Flashbang_Omnix: nows your chance
(02:40 / Allies) Liko: brt 10 sec
(04:21 / Allies) Flashbang_Omnix: hurry
(04:21 / Allies) LOLxIMBAxBMxLOL: lets roll
(04:52 / Allies) LOLxIMBAxBMxLOL: cmon
(04:53 / All) Aerelius.Aldos: hu vs ne xd
(05:13 / Allies) LOLxIMBAxBMxLOL: that was bad gren
(05:18 / Allies) Liko: ya
(05:22 / Allies) Liko: wood pls
(05:41 / Allies) Liko: ty
(06:01 / Allies) LOLxIMBAxBMxLOL: green we ned you
(06:02 / Allies) Liko: 3v4
(06:07 / Allies) LOLxIMBAxBMxLOL: yeah what you doing
(06:18 / Allies) Liko: bad tp
(06:41 / Allies) Flashbang_Omnix: we lose
(06:43 / Allies) Flashbang_Omnix: like i said
(06:45 / Allies) Liko: neg
(06:48 / Allies) LOLxIMBAxBMxLOL: no lol
(06:50 / Allies) Flashbang_Omnix: fuckin disadvantage
(06:51 / Allies) Liko: they didn't expo
(07:01 / Allies) LOLxIMBAxBMxLOL: green heal my pally
(07:12 / Allies) LOLxIMBAxBMxLOL: grene
(07:14 / Allies) LOLxIMBAxBMxLOL: wtf
(07:22 / Allies) LOLxIMBAxBMxLOL: heal my pally
(07:32 / Allies) LOLxIMBAxBMxLOL: christ
(09:14 / Allies) scurvysteve: need gold for knights
(09:18 / All) bombaclot: fucking sad that blue outplayed both yellow and orange
(09:37 / Allies) LOLxIMBAxBMxLOL: we would easily have won
(09:44 / Allies) Flashbang_Omnix: im all rifles here
(09:48 / Allies) scurvysteve: lets expand
(11:32 / Allies) Flashbang_Omnix: hmm notbhing
(11:57 / Allies) Flashbang_Omnix: dont run
(12:08 / Allies) Flashbang_Omnix: shit
(12:09 / Allies) Flashbang_Omnix: wtf
(12:12 / Allies) Flashbang_Omnix: wrong button
(12:14 / Allies) Flashbang_Omnix: out
(12:17 / Allies) Flashbang_Omnix: OUT
(12:18 / Allies) Flashbang_Omnix: NOW
(12:19 / Allies) LOLxIMBAxBMxLOL: out
(12:23 / Allies) LOLxIMBAxBMxLOL: out green
(12:30 / Allies) LOLxIMBAxBMxLOL: what is with you guys and bad tping
(12:31 / All) Aerelius.Aldos: green? xd
(14:56 / Allies) LOLxIMBAxBMxLOL: wait for us all
(14:59 / Allies) LOLxIMBAxBMxLOL: cmon
(15:13 / All) Aerelius.Aldos: Xd
(15:52 / Allies) Liko: dev 3
(16:08 / Allies) LOLxIMBAxBMxLOL: morts are just too strong
(16:16 / All) Aerelius.Aldos: gg
(16:25 / All) bombaclot: fucking horrible ass team
(16:26 / All) LOLxIMBAxBMxLOL: gg
(16:29 / All) LOLxIMBAxBMxLOL: no expo?